 Dungeon Crawl Stone Soup version 0.27-a0-46-g34d46f0a3f (webtiles) character file.

Game seed: 5526551268817457323

23046 Borgoz the Slicer (level 13, -11/127 HPs)
             Began as a Kobold Gladiator on Jan 7, 2021.
             Was a Believer of Ashenzari.
             Mangled by an earth elemental (13 damage)
             ... summoned by a deep elf mage
             ... on level 14 of the Dungeon.
             The game lasted 00:23:00 (19334 turns).

Borgoz the Slicer (Kobold Gladiator)               Turns: 19334, Time: 00:23:01

Health: -11/127    AC: 26    Str: 22    XL:     13   Next: 32%
Magic:  13/13      EV:  3    Int:  9    God:    Ashenzari [**....]
Gold:   882        SH:  0    Dex: 20    Spells: 12/12 levels left

rFire    . . .     SeeInvis .   b - +2 dagger (drain)
rCold    . . .     Faith    .   (shield restricted)
rNeg     + + +     Spirit   .   (armour currently unavailable)
rPois    +         Reflect  .   (helmet currently unavailable)
rElec    .         Harm     .   (cloak currently unavailable)
rCorr    .         Rampage  .   (gloves currently unavailable)
Will     .....     NoTele   +   (boots currently unavailable)
Stlth    ++++......             (no amulet)
HPRegen  0.31/turn              d - +4 ring of evasion
MPRegen  0.13/turn              s - ring "Kosohyegg" {Str+6 Dex+3}

@: tree-form
A: small, nightstalker 3
a: Renounce Religion, Curse Item, Scrying


You were on level 14 of the Dungeon.
You worshipped Ashenzari.
Ashenzari was pleased with you.
You were a tree.
You visited 2 branches of the dungeon, and saw 15 of its levels.

You collected 882 gold pieces.

Inventory:

Hand Weapons
 a - a +5 short sword
 b - a +2 dagger of draining (weapon)
 o - a +0 rapier
 D - the +5 flail of Defence by Offence {freeze, rF+ Will- Str+3 Stlth+}
   (You found it on level 9 of the Dungeon)

   It has been specially enchanted to freeze those struck by it, causing extra
   injury to most foes and up to half again as much damage against particularly
   susceptible opponents.
   It can also slow down cold-blooded creatures.
   It affects your strength (+3).
   It protects you from fire.
   It affects your willpower, your defense against some magical effects.
   It makes you more stealthy.
Armour
 c - a +1 helmet (melded)
 n - a +0 pair of gloves (melded)
 w - the +2 leather armour of Dishonesty {-Cast Str+4}
   (You found it on level 6 of the Dungeon)

   It affects your strength (+4).
   It prevents spellcasting.
 z - a +1 chain mail of fire resistance
 G - +0 swamp dragon scales (melded)
Jewellery
 d - a +4 ring of evasion (left branch)
 g - an uncursed ring of protection from cold
 j - an uncursed ring of ice
 k - an uncursed ring of see invisible
 r - the ring of Monotheism {rPois rC- rN++ Dex+2 SInv}
   (You found it on level 4 of the Dungeon)

   [ring of see invisible]

   It affects your dexterity (+2).
   It makes you vulnerable to cold.
   It protects you from poison.
   It greatly protects you from negative energy.
   It lets you see invisible.
 s - the ring "Kosohyegg" (right branch) {Str+6 Dex+3}
   (You found it on level 4 of the Dungeon)

   [ring of strength]

   It affects your strength (+6).
   It affects your dexterity (+3).
 I - an uncursed ring of protection from fire
 J - an uncursed ring of poison resistance
Wands
 C - a wand of flame (17)
 K - a wand of acid (3)
Scrolls
 e - 2 scrolls of fear
 f - 7 scrolls of teleportation
 m - 3 scrolls of remove curse
 u - 2 scrolls of enchant weapon
 x - 4 scrolls of enchant armour
 y - 2 scrolls of blinking
 A - a scroll of amnesia
 F - 2 scrolls of magic mapping
Potions
 h - 3 potions of brilliance
 i - a potion of mutation {unknown}
 l - 4 potions of flight
 p - 2 potions of lignification
 q - a potion of magic
 t - a potion of haste {unknown}
 v - 2 potions of resistance
 B - 2 potions of degeneration {unknown}


   Skills:
 + Level 11.7 Fighting
 + Level 13.8 Short Blades
 - Level 2.1 Throwing
 + Level 9.0 Armour
 + Level 12.9 Dodging
 - Level 5.0 Stealth


You had 12 spell levels left.
You didn't know any spells.
Your spell library contained the following spells:

 Spells                   Type           Power        Failure   Level
 Apportation              Tloc           0%           38%         1
 Foxfire                  Conj/Fire      0%           38%         1
 Magic Dart               Conj           0%           38%         1
 Blink                    Tloc           N/A          52%         2
 Call Imp                 Summ           0%           52%         2
 Poisonous Vapours        Pois/Air       0%           52%         2
 Searing Ray              Conj           0%           52%         2
 Slow                     Hex            0%           52%         2
 Conjure Flame            Conj/Fire      0%           77%         3
 Dazzling Flash           Conj/Hex       0%           77%         3
 Inner Flame              Hex/Fire       0%           77%         3
 Lesser Beckoning         Tloc           0%           77%         3
 Mephitic Cloud           Conj/Pois/Air  0%           77%         3
 Tukima's Dance           Hex            0%           77%         3
 Fulminant Prism          Conj/Hex       0%           99%         4
 Iskenderun's Mystic Bla  Conj/Tloc      0%           99%         4
 Sticky Flame             Conj/Fire      0%           99%         4
 Alistair's Intoxication  Tmut/Pois      0%           100%        5
 Fireball                 Conj/Fire      0%           100%        5
 Freezing Cloud           Conj/Ice/Air   0%           100%        6
 Invisibility             Hex            0%           100%        6


Dungeon Overview and Level Annotations

Branches:
Dungeon (14/15)            Temple (1/1) D:4            Lair (0/6) D:10
    Orc (0/2) D:10
 Vaults: D:13-14

Altars:
Ashenzari
Cheibriados
Dithmenos
Fedhas
Gozag
Hepliaklqana
Kikubaaqudgha
Makhleb
Nemelex Xobeh
Qazlal
Sif Muna
Trog
Uskayaw
Vehumet
Wu Jian
Xom
Yredelemnul
The Shining One
Jiyva

Shops:
D:4 ([

Annotations:
D:4 2 transporters, Life0's ghost, novice MiBe
D:9 2 transporters, Megustar's ghost, novice VSBe
D:10 3 runed translucent doors, Sphara's ghost, novice TeHu
D:14 1 runed translucent door, Momiex's ghost, journeyman DDFi


Innate Abilities, Weirdness & Mutations

You are small and have problems with some larger weapons.
You are completely attuned to the shadows.


Message History

The cyclops is lightly wounded.
You hit the cyclops.
The cyclops is moderately wounded.
The cyclops misses you.
You hit the cyclops.
The cyclops is moderately wounded.
The earth elemental hits you!!
* * * LOW HITPOINT WARNING * * *
You puncture the cyclops!
The cyclops is heavily wounded.
Okay, then.
You sense an unholy aura.
b - a +2 dagger of draining (weapon)
The cyclops barely misses you.
It was a potion of lignification.
You turn into a tree.
Your +1 helmet melds into your body.
Your +0 pair of gloves melds into your body.
Your +0 swamp dragon scales melds into your body.
Your roots penetrate the ground.
The earth elemental hits you!
You die...

, ,, ##)..##...##†..##
## , *#.....#####.....#
#. ,, ,
#..8.........8..# #. ,
, #.....#####.....# #.
, ##†..##(..##...####.
, ,,,
##.##.....##.##.... **
#.#..(....#.##.### , ,
#EC.e.)...#.'..# * , *
#♣#(......#.#### ,
,*##.##.....##.## ,
,,,##...##...##...#####
, #.....#####.....##..
, ,
#..8.......).8..##.. ,
,
**#.....#####.....##..
, ##...## ##...###.. ,*
##### ##### ###


You could see a cyclops, an earth elemental (summoned) and a deep elf mage.

Vanquished Creatures
  Josephine (D:10)
  A hydra (D:12)
  Erolcha (D:11)
  2 centaur warriors (D:14)
  4 two-headed ogres
  Pikel (D:7)
  An ugly thing (D:11)
  A cyclops (D:9)
  2 manticores
  9 slime creatures
  2 centaur zombies (D:14)
  A gargoyle (D:14)
  2 kobold demonologists (D:11)
  A redback zombie (D:12)
  Maggie (D:10)
  3 trolls
  A hornet (D:10)
  A meliai zombie (D:12)
  A shadow (D:14)
  4 wraiths (D:10)
  22 yaks
  2 fire elementals (D:13)
  5 orc warriors
  A sky beast (D:12)
  4 ice beasts
  2 black bears (D:9)
  3 phantoms
  2 ogres
  3 centaurs
  A lemure (D:7)
  2 big kobolds (D:11)
  11 bullfrogs
  A scorpion (D:9)
  6 killer bees
  25 wights
  3 electric eels
  6 howler monkeys
  A bullfrog zombie (D:5)
  2 jellies
  3 lava snakes (D:13)
  2 quasits
  7 orc priests
  2 hounds
  9 orc wizards
  11 worker ants
  6 iguanas
  3 hound zombies (D:9)
  A hound skeleton (D:4)
  A howler monkey zombie (D:6)
  9 adders
  4 gnolls (D:5)
  2 white imps
  An ufetubus (D:5)
  An ooze (D:2)
  An adder skeleton (D:4)
  6 worms
  2 dart slugs (D:2)
  6 leopard geckos
  39 orcs
  8 giant cockroaches
  18 goblins
  8 hobgoblins
  18 kobolds
  5 quokkas
  3 ball pythons
  7 bats
  6 frilled lizards
  A jackal zombie (D:6)
  A leopard gecko skeleton (D:6)
  A quokka skeleton (D:2)
  6 rats
340 creatures vanquished.

Vanquished Creatures (others)
  2 bushes (D:9)
  3 fungi (D:14)
  A plant (D:14)
6 creatures vanquished.

Grand Total: 346 creatures vanquished

Notes
Turn   | Place    | Note
-------+----------+-------------------------------------------
     0 | D:1      | Borgoz the Kobold Gladiator began the quest for the Orb.
     0 | D:1      | Reached XP level 1. HP: 12/12 MP: 1/1
   108 | D:1      | Reached XP level 2. HP: 16/18 MP: 2/2
   248 | D:1      | Reached skill level 1 in Stealth
   754 | D:1      | Reached XP level 3. HP: 22/22 MP: 3/3
  1346 | D:2      | Reached skill level 1 in Armour
  1440 | D:2      | Reached XP level 4. HP: 27/27 MP: 4/4
  2393 | D:2      | Reached XP level 5. HP: 6/32 MP: 5/5
  2738 | D:3      | Found an ancient bone altar of Kikubaaqudgha.
  3443 | D:3      | Found a broken altar of Ashenzari.
  3479 | D:3      | Became a worshipper of Ashenzari the Shackled
  3493 | D:3      | Noticed an ogre
  3520 | D:3      | Killed an ogre
  3521 | D:3      | Reached skill level 5 in Short Blades
  3521 | D:3      | Reached XP level 6. HP: 25/37 MP: 6/6
  3836 | D:3      | Reached skill level 5 in Dodging
  4000 | D:4      | Found Domogul's Armour Shop.
  4012 | D:4      | Found a transporter.
  4297 | D:4      | Found a staircase to the Ecumenical Temple.
  4306 | Temple   | Entered the Ecumenical Temple
  4456 | D:4      | Reached XP level 7. HP: 7/27 MP: 7/7
  4725 | D:4      | Identified the ring of Monotheism {rPois rC- rN++ Dex+2
                  | SInv}
  4733 | D:4      | Found a transporter.
  4832 | D:4      | Identified the ring "Kosohyegg" {Str+6 Dex+3}
  4963 | D:4      | Noticed Life0's ghost (novice MiBe)
  5071 | D:4      | Found a stormy altar of Qazlal.
  5292 | D:4      | Found Otiosoku's Antique Weapon Shop.
  5379 | D:5      | Entered Level 5 of the Dungeon
  5462 | D:5      | Reached skill level 6 in Short Blades
  5749 | D:5      | Reached skill level 5 in Stealth
  5749 | D:5      | Reached XP level 8. HP: 35/48 MP: 8/8
  6328 | D:6      | Got the uncursed leather armour of Dishonesty {-Cast Str+4}
  6473 | D:6      | Reached skill level 5 in Fighting
  6745 | D:6      | Reached * piety under Ashenzari
  6918 | D:6      | Reached skill level 7 in Short Blades
  7434 | D:6      | Found an opulent altar of Gozag.
  7434 | D:6      | Found a hazy altar of Hepliaklqana.
  7662 | D:7      | Reached XP level 9. HP: 48/55 MP: 9/9
  7960 | D:7      | Reached skill level 8 in Short Blades
  8436 | D:7      | Noticed Pikel
  8493 | D:7      | Killed Pikel
  9376 | D:8      | Noticed a two-headed ogre
  9388 | D:8      | Killed a two-headed ogre
  9389 | D:8      | Reached skill level 9 in Short Blades
  9389 | D:8      | Reached skill level 5 in Armour
  9389 | D:8      | Reached XP level 10. HP: 41/63 MP: 10/10
  9570 | D:8      | Found a blossoming altar of Fedhas.
  9976 | D:9      | Noticed a two-headed ogre
  9980 | D:9      | Killed a two-headed ogre
 10029 | D:9      | Reached skill level 10 in Short Blades
 10357 | D:9      | Found a bloodstained altar of Trog.
 10490 | D:9      | Reached XP level 11. HP: 22/69 MP: 11/11
 10819 | D:9      | Noticed a cyclops
 10833 | D:9      | Noticed a manticore
 11034 | D:9      | Killed a cyclops
 11035 | D:9      | Reached skill level 10 in Dodging
 11038 | D:9      | Killed a manticore
 11077 | D:9      | Reached skill level 11 in Short Blades
 11102 | D:9      | Got the flail of Defence by Offence {freeze, rF+ Will-
                  | Str+3 Stlth+}
 11599 | D:9      | Noticed a two-headed ogre
 11610 | D:9      | Killed a two-headed ogre
 11648 | D:9      | Noticed a two-headed ogre
 11648 | D:9      | Noticed a two-headed ogre
 11649 | D:9      | Noticed Megustar's ghost (novice VSBe)
 11700 | D:9      | Found a transporter.
 11704 | D:9      | Identified the cursed +1 great mace of Courage {freeze,
                  | Int+6}
 11704 | D:9      | Noticed a two-headed ogre
 11705 | D:9      | Found a transporter.
 11785 | D:10     | Entered Level 10 of the Dungeon
 11794 | D:10     | Noticed Maggie
 11812 | D:10     | Killed Maggie
 12023 | D:10     | Found a runed translucent gate.
 12024 | D:10     | Found a runed translucent gate.
 12024 | D:10     | Found a runed translucent gate.
 12086 | D:10     | Noticed Josephine
 12333 | D:10     | Killed Josephine
 12796 | D:10     | Found a staircase to the Lair.
 13048 | D:10     | Reached ** piety under Ashenzari
 13225 | D:10     | Found a staircase to the Orcish Mines.
 13482 | D:10     | Noticed Sphara's ghost (novice TeHu)
 13851 | D:11     | Noticed a manticore
 13868 | D:11     | Killed a manticore
 14033 | D:11     | Reached skill level 12 in Short Blades
 14044 | D:11     | Reached skill level 10 in Fighting
 14057 | D:11     | Reached XP level 12. HP: 48/77 MP: 12/12
 15585 | D:11     | Noticed Erolcha
 15590 | D:11     | Killed Erolcha
 16603 | D:12     | Noticed a two-headed ogre
 16613 | D:12     | Killed a two-headed ogre
 16614 | D:12     | Reached skill level 13 in Short Blades
 16671 | D:12     | Noticed a six-headed hydra
 16690 | D:12     | Killed a six-headed hydra
 17987 | D:13     | Reached XP level 13. HP: 84/84 MP: 13/13
 18255 | D:14     | Noticed a centaur warrior
 18259 | D:14     | Killed a centaur warrior
 18292 | D:14     | Noticed an ice dragon
 18318 | D:14     | HP: 4/83 [ice dragon (8)]
 18925 | D:14     | Found a runed translucent door.
 18929 | D:14     | Identified the +10 spear of Yredelemnul {vorpal, SInv}
 18940 | D:14     | Noticed Momiex's ghost (journeyman DDFi)
 19287 | D:14     | Noticed a centaur warrior
 19322 | D:14     | Killed a centaur warrior
 19331 | D:14     | HP: 1/85 [earth elemental[a deep elf mage] (26)]
 19334 | D:14     | Mangled by an earth elemental

Illustrated notes

Levels and vault maps discovered:
D:1:      evilmike_arrival_fibonacci_small, layout_loops_ring,
          serial_bayou_lagoon_b
D:2:      minmay_general_purpose_star, layout_basic,
          nicolae_overflow_hidden_temple, kennysheep_potato
D:3:      layout_basic, overflow_temple_1_default,
          ashenzari_conservatory_becter, minmay_ogre_servants
D:4:      layout_cave_pools, kennysheep_little_box,
          minmay_temple_entry_sparse_star, gammafunk_ghost_stat_death,
          serial_shops, shop, nicolae_shop_stone, minivault_26,
          minmay_checkerbox
D:5:      layout_gridville
D:6:      layout_basic, gammafunk_temple_overflow_elements
D:7:      layout_rooms, uniq_pikel
D:8:      layout_basic, fedhas_altar_3
D:9:      layout_rooms, trog_ov_bears_minmay, gammafunk_ghost_smash,
          minmay_mirror_moons_of_madness
D:10:     layout_basic, lair_entry_dummy, orc_0_dummy, gammafunk_ghost_split,
          uniq_josephine, uniq_maggie
D:11:     layout_layer_cave, uniq_erolcha
D:12:     layout_cross, lemuel_statue_altar
D:13:     erik_rubicon_a, layout_basic, david_vaults_3
D:14:     minmay_octagon_keep, layout_basic, ebering_ghost_funeral_grove,
          kennysheep_crisscross, hangedman_abyss_or_decor_stabs
Temple:   pf_slimified_temple

Skill      XL: |  1  2  3  4  5  6  7  8  9 10 11 12 13 |
---------------+----------------------------------------+-----
Stealth        | 1 2 3 4 5 |  5.0
Dodging        | 4 5 6 8 9 11 12 | 12.9
Armour         | 1 2 3 5 6 7 8 9 |  9.0
Fighting       | 3 4 5 7 8 10 11 | 11.7
Short Blades   | 5 6 7 9 10 12 13 | 13.8
Throwing       | |  2.1

Action                   |  1- 3 |  4- 6 |  7- 9 | 10-12 | 13-15 || total
-------------------------+-------+-------+-------+-------+-------++-------
Melee: Rapier            |    62 |       |       |       |       ||    62
       Dagger            |    35 |   265 |    26 |   425 |       ||   751
       Short sword       |       |    10 |   425 |   751 |   178 ||  1364
Throw: Throwing net      |       |     3 |     5 |    12 |     1 ||    21
Evoke: Wand              |       |       |       |     1 |       ||     1
  Use: Scroll            |     4 |    10 |     2 |     3 |     1 ||    20
       Potion            |       |       |     3 |     5 |     2 ||    10
 Stab: Sleeping          |    11 |     3 |    19 |    16 |     8 ||    57
       Distracted        |       |     2 |     1 |     1 |       ||     4
       Held in net/web   |       |     1 |     1 |     8 |       ||    10
       Invisible         |       |       |       |     7 |       ||     7
Armor: Leather armour    |    11 |       |       |       |       ||    11
       Ring mail         |     9 |    16 |       |       |       ||    25
       Scale mail        |       |    60 |   103 |    54 |       ||   217
       Swamp dragon scal |       |       |       |    88 |    16 ||   104
Dodge: Dodged            |    65 |   175 |   292 |   849 |   148 ||  1529

Table legend: (Time is in decaauts)
 A = Elapsed time spent in this place.
 B = Non-inter-level travel time spent in this place.
 C = Inter-level travel time spent in this place.
 D = Time resting spent in this place.
 E = Time spent auto-exploring this place.
 F = Levels seen in this place.
 G = Mean time per level.
                   A        B        C        D        E       F      G
               +--------+--------+--------+--------+--------+-----+--------+
         Total |  18505 |  18065 |    440 |   5319 |  10012 |  15 | 1233.7 |
       Dungeon |  18372 |  17950 |    422 |   5319 |   9898 |  14 | 1312.3 |
        Temple |    132 |    114 |     18 |      0 |    114 |   1 |  132.0 |
               +--------+--------+--------+--------+--------+-----+--------+

Top non-repeatable levels by time:
    D:11: 2523 daAuts
    D:10: 1923 daAuts
     D:9: 1668 daAuts
     D:2: 1644 daAuts
     D:7: 1384 daAuts
     D:4: 1382 daAuts
     D:6: 1294 daAuts
     D:3: 1188 daAuts
    D:12: 1135 daAuts
    D:14: 1105 daAuts
     D:1: 969 daAuts
     D:5: 927 daAuts
     D:8: 870 daAuts
    D:13: 354 daAuts
  Temple: 132 daAuts
